 Dungeon Crawl Stone Soup version 0.29-a0-563-g64e4043184 (webtiles) character file.

Game seed: 12159919483851967733

98 dolemite99 the Digger (level 5, 0/38 HPs)
             Began as a Meteoran Earth Elementalist on June 12, 2022.
             Slain by a gnoll
             ... wielding a +0 spear
              (4 damage)
             ... on level 3 of the Dungeon.
             The game lasted 00:02:17 (1201 turns).

dolemite99 the Digger (Meteoran Earth Elementalist) Turns: 1201, Time: 00:02:18

Health: 0/38       AC:  3    Str: 10    XL:     5   Next: 22%
Magic:  5/10       EV:  6    Int: 18    God:
Gold:   83         SH:  0    Dex: 14    Spells: 8/9 levels left

rFire   . . .      SeeInvis .   m - +1 short sword (flame)
rCold   . . .      Faith    .   (no shield)
rNeg    . . .      Spirit   .   a - +0 robe
rPois   .          Reflect  .   (no helmet)
rElec   .          Harm     .   (no cloak)
rCorr   .          Rampage  .   f - +0 pair of gloves
Will    .....                   (no boots)
Stlth   +.........              (no amulet)
HPRegen 0.12/turn               (no ring)
MPRegen 0.12/turn               (no ring)

@: held, glowing
A: sense surroundings 1, otherworldly, glowing, explore regen
a: no special abilities


You were on level 3 of the Dungeon.
You visited 1 branch of the dungeon, and saw 3 of its levels.

You collected 83 gold pieces.

Inventory:

Hand Weapons
 j - a +0 whip
 m - a +1 short sword of flaming (weapon)
 r - a +2 dagger of freezing
Missiles
 c - 90 stones
 l - 5 poisoned darts
Armour
 a - a +0 robe (worn)
 f - a +0 pair of gloves (worn)
Scrolls
 d - 2 scrolls of identify {unknown}
 g - a scroll of vulnerability {unknown}
 h - a scroll of amnesia {unknown}
 n - a scroll of magic mapping {unknown}
 o - a scroll of blinking {unknown}
 s - a scroll of noise {unknown}
Potions
 b - a potion of magic
 e - a potion of resistance {unknown}
 i - a potion of mutation {unknown}
 k - a potion of degeneration {unknown}
 p - a potion of flight {unknown}
 q - a potion of brilliance {unknown}


   Skills:
 - Level 2.4 Dodging
 - Level 1.4 Stealth
 - Level 2.6 Spellcasting
 - Level 1.2 Transmutations
 + Level 6.4 Earth Magic


You had 8 spell levels left.
You knew the following spells:

 Your Spells              Type           Power      Damage    Failure   Level
a - Sandblast             Erth           50%        2d12      1%          1

Your spell library contained the following spells:

 Spells                   Type           Power      Damage    Failure   Level
 Passwall                 Tmut/Erth      13%        N/A       5%          2
 Stone Arrow              Conj/Erth      26%        3d8       14%         3
 Poisonous Vapours        Pois/Air       4%         N/A       26%         2
 Petrify                  Tmut/Erth      16%        N/A       34%         4
 Corpse Rot               Necr/Pois/Air  2%         N/A       86%         4


Dungeon Overview and Level Annotations

Branches:
Dungeon (3/15)

Altars:


Innate Abilities, Weirdness & Mutations

You passively map a small area around you.
You are easily found by Zot.
You glow in the dark.
You regain HP and MP as you explore.


Message History

You have reached level 5!
The gnoll hits you with a +0 club.
The gnoll throws a throwing net.
The throwing net hits you.
You become entangled in the net!
You see here a throwing net.
Casting: Sandblast (safe; 1% risk of failure)
Confirm with . or Enter, or press ? or * to list all spells.
Aiming: Sandblast (safe; 1% risk of failure)
Press: ? - help, Shift-Dir - straight line, f - gnoll
Aim: a gnoll, wielding a +0 club (83% to hit)
The blast of sand hits the gnoll.
The gnoll is lightly wounded.
The gnoll hits you with a +0 club. x2
The gnoll hits you from afar with a +0 spear.
You struggle against the net.
The gnoll hits you but does no damage.
The gnoll hits you from afar with a +0 spear.
Okay, then.
You tear a large gash into the net.
The gnoll hits you with a +0 club.
* * * LOW HITPOINT WARNING * * *
The gnoll hits you but does no damage.
Casting: Sandblast (safe; 1% risk of failure)
Confirm with . or Enter, or press ? or * to list all spells.
Aiming: Sandblast (safe; 1% risk of failure)
Press: ? - help, Shift-Dir - straight line, f/p - gnoll
Aim: a gnoll, wielding a +0 club (lightly wounded, 83% to hit)
The blast of sand hits the gnoll!
You kill the gnoll!
The gnoll barely misses you.
The gnoll hits you from afar with a +0 spear.
* * * LOW HITPOINT WARNING * * *
Casting: Sandblast (safe; 1% risk of failure)
Confirm with . or Enter, or press ? or * to list all spells.
Aiming: Sandblast (safe; 1% risk of failure)
Press: ? - help, Shift-Dir - straight line, f - gnoll
Aim: a gnoll, wielding a +0 spear (83% to hit)
The blast of sand hits the gnoll.
The gnoll is moderately wounded.
The gnoll hits you from afar with a +0 spear.
* * * LOW HITPOINT WARNING * * *
The gnoll hits you from afar with a +0 spear.
You die...

.##.######.#.........##
.##.######.#.###.#....#
, ........†..[........#
* * ,, *
.##.###......###....#
.##.# #......# #....#,
##### ######.# #.#..#
,, * ### #.#..# * , ,
,*, *#.#..## ,* , , *
##@#...# , * , , ,
#(†)...#, , , , * ,
##g#.#.#. * , ,, , , ,,
*#..)...... , , ,
##.#.#..#. * #.#......
* #.# ##... , * #+#
*..* *, , , , * . *, ,


You could see a gnoll.

Vanquished Creatures
  3 gnolls (D:3)
  4 adders
  2 dart slugs
  A bat (D:3)
  An endoplasm (D:1)
  3 goblins
  3 hobgoblins (D:1)
  7 jackals
  2 kobolds
  A ball python (D:3)
  A frilled lizard (D:3)
  2 rats
30 creatures vanquished.

Notes
Turn   | Place    | Note
-------+----------+-------------------------------------------
     0 | D:1      | dolemite99 the Meteoran Earth Elementalist began the quest
                  | for the Orb.
     0 | D:1      | Reached XP level 1. HP: 14/14 MP: 5/5
   219 | D:1      | Reached skill level 4 in Earth Magic
   221 | D:1      | Reached XP level 2. HP: 13/20 MP: 2/6
   489 | D:1      | Glimpsed the power of Zot.
   539 | D:1      | Glimpsed the power of Zot.
   543 | D:2      | Reached XP level 3. HP: 24/26 MP: 5/8
   548 | D:2      | Reached skill level 5 in Earth Magic
   927 | D:2      | Reached XP level 4. HP: 33/33 MP: 7/9
  1189 | D:3      | Reached skill level 6 in Earth Magic
  1196 | D:3      | Reached XP level 5. HP: 33/38 MP: 6/10
  1201 | D:3      | Slain by a gnoll

Illustrated notes

Levels and vault maps discovered:
D:1:      dpeg_arrival_boxorama, layout_loops_ring
D:2:      layout_loops_ring
D:3:      layout_basic, hellmonk_ecumenical_altar_crossroads,
          lexackson_kobold_supper

Skill      XL: |  1  2  3  4 |
---------------+-------------+-----
Earth Magic    | 4 5 6 |  6.4
Dodging        | |  2.4
Stealth        | |  1.4
Spellcasting   | |  2.6
Transmutations | |  1.2

Action                   |  1- 3 |  4- 6 || total
-------------------------+-------+-------++-------
 Cast: Sandblast         |    31 |    20 ||    51
Armor: Robe              |    18 |     9 ||    27
Dodge: Dodged            |    28 |    19 ||    47

Table legend: (Time is in decaauts)
 A = Elapsed time spent in this place.
 B = Non-inter-level travel time spent in this place.
 C = Inter-level travel time spent in this place.
 D = Time resting spent in this place.
 E = Time spent auto-exploring this place.
 F = Levels seen in this place.
 G = Mean time per level.
                   A        B        C        D        E       F      G
               +--------+--------+--------+--------+--------+-----+--------+
         Total |   1249 |   1191 |     58 |    451 |    249 |   3 |  416.3 |
       Dungeon |   1249 |   1191 |     58 |    451 |    249 |   3 |  416.3 |
               +--------+--------+--------+--------+--------+-----+--------+

Top non-repeatable levels by time:
     D:1: 551 daAuts
     D:2: 464 daAuts
     D:3: 233 daAuts
